 Dungeon Crawl Stone Soup version 0.30.0-29-ga12c61a403 (webtiles) character file.

Game seed: 2512387489962173830

5 cheesebisquit the Grave Robber (level 1, 0/15 HPs)
             Began as a Ghoul Necromancer on June 7, 2023.
             Slain by a kobold
             ... wielding a +0 whip
              (1 damage)
             ... on level 1 of the Dungeon.
             The game lasted 00:01:22 (113 turns).

cheesebisquit the Grave Robber (Ghoul Necromancer)   Turns: 113, Time: 00:01:22

Health: 0/15       AC:  2    Str: 11    XL:     1   Next: 80%
Magic:  0/2        EV: 12    Int: 10    God:
Gold:   0          SH:  0    Dex:  9    Spells: 2/3 levels left

rFire   . . .        e - +0 sling
rCold   + . .        (no shield)
rNeg    + + +        a - +0 robe
rPois   ∞            (no helmet)
rElec   .            (no cloak)
rCorr   .            (no gloves)
SInv    .            (no boots)
Will    .....        (no amulet)
Stlth   ++           (no ring)
HPRegen 0.00/turn    (no ring)
MPRegen 0.08/turn

%: no passive effects
@: inhibited regen
A: claws 1, cold resistance 1, negative energy resistance 3, inhibited
regeneration, torment resistance 2, devour on kill
a: no special abilities


You were on level 1 of the Dungeon.
You visited 1 branch of the dungeon, and saw 1 of its levels.

Inventory:

Hand Weapons
 e - a +0 sling (weapon)
Armour
 a - a +0 robe (worn)
Scrolls
 d - a scroll of identify {unknown}
Potions
 b - a potion of magic
 c - a potion of flight {unknown}


   Skills:
 + Level 0.6 Fighting
 - Level 2.0 Dodging
 + Level 2.4 Stealth
 - Level 1.7 Spellcasting
 - Level 4.0 Necromancy


You had 2 spell levels left.
You knew the following spells:

 Your Spells              Type           Power      Damage    Failure   Level
a - Necrotise             Necr           32%        1d5       6%          1

Your spell library contained the following spells:

 Spells                   Type           Power      Damage    Failure   Level
 Vampiric Draining        Necr           8%         2d6       19%         3
 Animate Dead             Necr           8%         N/A       52%         4
 Agony                    Necr           8%         N/A       86%         5


Dungeon Overview and Level Annotations

Branches:
Dungeon (1/15)

Altars:


Innate Abilities, Weirdness & Mutations

You are immune to poison.
You have sharp fingernails.
Your flesh is cold resistant. (rC+)
You are immune to negative energy. (rN+++)
You do not regenerate when monsters are visible.
You are immune to unholy pain and torment.
You thrive by killing the living.


Message History

The sling bullet hits the goblin but does no damage.
The goblin hits you with a +0 club.
You shoot a sling bullet.
The sling bullet closely misses the goblin.
A giant cockroach comes into view.
The goblin barely misses you. The goblin closely misses you.
The giant cockroach moves out of view.
You shoot a sling bullet. The sling bullet hits the goblin.
You kill the goblin!
The goblin barely misses you. The goblin hits you but does no damage.
You shoot a sling bullet.
The sling bullet hits the giant cockroach.
You kill the giant cockroach!
You feel better. The goblin hits you but does no damage.
A kobold comes into view. It is wielding a +0 whip.
Training target 2.0 for Dodging reached!
Your Dodging skill increases to level 2!
You shoot a sling bullet. The sling bullet hits the goblin.
The goblin is heavily wounded.
The goblin closely misses you. The kobold misses you.
You shoot a sling bullet.
The sling bullet closely misses the goblin.
The goblin misses you. The kobold barely misses you.
The goblin hits you with a +0 club. The kobold barely misses you.
You shoot a sling bullet. The sling bullet hits the goblin.
The goblin is severely wounded.
The kobold hits you with a +0 whip. The goblin hits you but does no damage.
You shoot a sling bullet.
The sling bullet hits the goblin but does no damage.
The goblin is severely wounded.
The kobold hits you with a +0 whip. The goblin closely misses you.
The kobold closely misses you. The goblin hits you with a +0 club.
* * * LOW HITPOINT WARNING * * *
Okay, then.
Aiming: Necrotise (safe; 6% risk of failure)
Press: ? - help, Q - select action, (/) - cycle Shift-Dir - straight line, f/p - goblin
Aim: a goblin, wielding a +0 club (severely wounded, chance to affect: 75%)
The goblin struggles to resist.
The kobold hits you with a +0 whip.
You die...

......♣# .......###
######### ..[......#
#.......# ..######.#
#.......# ####.....#
#.......# +.....###
#.......# #..†....#
#.....$.#
#...#...#####gK......
.......#........@#
#.###..#.........# #
....#..$.....#
#.....$...#####
#....#....#
......+....+
....###....# ....
#....#


You could see a goblin and a kobold.

Vanquished Creatures
  3 giant cockroaches (D:1)
  A goblin (D:1)
4 creatures vanquished.

Notes
Turn   | Place    | Note
-------+----------+-------------------------------------------
     0 | D:1      | cheesebisquit the Ghoul Necromancer began the quest for the
                  | Orb.
     0 | D:1      | Reached XP level 1. HP: 14/14 MP: 2/2
   113 | D:1      | Slain by a kobold

Illustrated notes

Levels and vault maps discovered:
D:1:      sevenhm_arrival_forest_fort_large_2, layout_basic

Skill      XL: |  1 |
---------------+----+-----
Dodging        | 2 |  2.0
Fighting       | |  0.6
Stealth        | |  2.4
Spellcasting   | |  1.7
Necromancy     | |  4.0

Action                     || total
---------------------------++-------
  Melee: Unarmed           ||     8
   Fire: Sling             ||     9
   Cast: Necrotise         ||     5
 Armour: Robe              ||     4
  Dodge: Dodged            ||    15
